Workbook
Name chargeur_courant_maxon: #REF!
Name Colonne_Articles: Recette!$F$2:$F$2631
Name Colonne_Code_Retour: Recette!$D$2:$D$2631
Name Colonne_Code_Vente: Recette!$E$2:$E$2631
Name Stock_Giga: Stock!$A$4:$G$254

Sheet Recette
A1: Date | B1: Divers | C1: Défaut | D1: Code Retour | E1: Code Vente | F1: Articles | G1: Nbe | H1: Remise par pièce | I1: Payé | J1: P.d'achat | K1: P.Vente | L1: Reste | M1: Cartes | N1: Acheté
E2: 2013010082 | F2: =IFERROR(VLOOKUP(E2,Stock_Giga,2,FALSE),"") -> Chargeur PS2 | I2: =IFERROR((IF(ISBLANK(G2),K2-H2,(K2-H2)*G2)),"") | J2: =IFERROR(VLOOKUP(E2,Stock_Giga,12,FALSE),"") | K2: =IFERROR(VLOOKUP(E2,Stock_Giga,13,FALSE),"") | L2: =IFERROR(N2-COUNTIF(Colonne_Articles,F2),"") -> -1 | N2: =IFERROR(VLOOKUP(E2,Stock_Giga,5,FALSE),"") -> 0
E3: 2013010154 | F3: =IFERROR(VLOOKUP(E3,Stock_Giga,2,FALSE),"") -> Microcasque USB ET-U032MV | I3: =IFERROR((IF(ISBLANK(G3),K3-H3,(K3-H3)*G3)),"") | J3: =IFERROR(VLOOKUP(E3,Stock_Giga,12,FALSE),"") | K3: =IFERROR(VLOOKUP(E3,Stock_Giga,13,FALSE),"") | L3: =IFERROR(N3-COUNTIF(Colonne_Articles,F3),"") -> -1 | N3: =IFERROR(VLOOKUP(E3,Stock_Giga,5,FALSE),"") -> 0
E4: 2013010070 | F4: =IFERROR(VLOOKUP(E4,Stock_Giga,2,FALSE),"") -> CD vierge | I4: =IFERROR((IF(ISBLANK(G4),K4-H4,(K4-H4)*G4)),"") | J4: =IFERROR(VLOOKUP(E4,Stock_Giga,12,FALSE),"") | K4: =IFERROR(VLOOKUP(E4,Stock_Giga,13,FALSE),"") | L4: =IFERROR(N4-COUNTIF(Colonne_Articles,F4),"") -> 269 | N4: =IFERROR(VLOOKUP(E4,Stock_Giga,5,FALSE),"") -> 271
E5: 2013010243 | F5: =IFERROR(VLOOKUP(E5,Stock_Giga,2,FALSE),"") -> Chargeur Haute qualité | I5: =IFERROR((IF(ISBLANK(G5),K5-H5,(K5-H5)*G5)),"") | J5: =IFERROR(VLOOKUP(E5,Stock_Giga,12,FALSE),"") | K5: =IFERROR(VLOOKUP(E5,Stock_Giga,13,FALSE),"") | L5: =IFERROR(N5-COUNTIF(Colonne_Articles,F5),"") -> 43 | N5: =IFERROR(VLOOKUP(E5,Stock_Giga,5,FALSE),"") -> 44
E6: 2013010247 | F6: =IFERROR(VLOOKUP(E6,Stock_Giga,2,FALSE),"") -> Abonnement Dreambox | I6: =IFERROR((IF(ISBLANK(G6),K6-H6,(K6-H6)*G6)),"") | J6: =IFERROR(VLOOKUP(E6,Stock_Giga,12,FALSE),"") | K6: =IFERROR(VLOOKUP(E6,Stock_Giga,13,FALSE),"") | L6: =IFERROR(N6-COUNTIF(Colonne_Articles,F6),"") -> -1 | N6: =IFERROR(VLOOKUP(E6,Stock_Giga,5,FALSE),"") -> 0
F7: =IFERROR(VLOOKUP(E7,Stock_Giga,2,FALSE),"") | I7: =IFERROR((IF(ISBLANK(G7),K7-H7,(K7-H7)*G7)),"") | J7: =IFERROR(VLOOKUP(E7,Stock_Giga,12,FALSE),"") | K7: =IFERROR(VLOOKUP(E7,Stock_Giga,13,FALSE),"") | L7: =IFERROR(N7-COUNTIF(Colonne_Articles,F7),"") | N7: =IFERROR(VLOOKUP(E7,Stock_Giga,5,FALSE),"")
F8: =IFERROR(VLOOKUP(E8,Stock_Giga,2,FALSE),"") | I8: =IFERROR((IF(ISBLANK(G8),K8-H8,(K8-H8)*G8)),"") | J8: =IFERROR(VLOOKUP(E8,Stock_Giga,12,FALSE),"") | K8: =IFERROR(VLOOKUP(E8,Stock_Giga,13,FALSE),"") | L8: =IFERROR(N8-COUNTIF(Colonne_Articles,F8),"") | N8: =IFERROR(VLOOKUP(E8,Stock_Giga,5,FALSE),"")
E9: 2013010070 | F9: =IFERROR(VLOOKUP(E9,Stock_Giga,2,FALSE),"") -> CD vierge | I9: =IFERROR((IF(ISBLANK(G9),K9-H9,(K9-H9)*G9)),"") | J9: =IFERROR(VLOOKUP(E9,Stock_Giga,12,FALSE),"") | K9: =IFERROR(VLOOKUP(E9,Stock_Giga,13,FALSE),"") | L9: =IFERROR(N9-COUNTIF(Colonne_Articles,F9),"") -> 269 | N9: =IFERROR(VLOOKUP(E9,Stock_Giga,5,FALSE),"") -> 271
F10: =IFERROR(VLOOKUP(E10,Stock_Giga,2,FALSE),"") | I10: =IFERROR((IF(ISBLANK(G10),K10-H10,(K10-H10)*G10)),"") | J10: =IFERROR(VLOOKUP(E10,Stock_Giga,12,FALSE),"") | K10: =IFERROR(VLOOKUP(E10,Stock_Giga,13,FALSE),"") | L10: =IFERROR(N10-COUNTIF(Colonne_Articles,F10),"") | N10: =IFERROR(VLOOKUP(E10,Stock_Giga,5,FALSE),"")
F11: =IFERROR(VLOOKUP(E11,Stock_Giga,2,FALSE),"") | I11: =IFERROR((IF(ISBLANK(G11),K11-H11,(K11-H11)*G11)),"") | J11: =IFERROR(VLOOKUP(E11,Stock_Giga,12,FALSE),"") | K11: =IFERROR(VLOOKUP(E11,Stock_Giga,13,FALSE),"") | L11: =IFERROR(N11-COUNTIF(Colonne_Articles,F11),"") | N11: =IFERROR(VLOOKUP(E11,Stock_Giga,5,FALSE),"")
F12: =IFERROR(VLOOKUP(E12,Stock_Giga,2,FALSE),"") | I12: =IFERROR((IF(ISBLANK(G12),K12-H12,(K12-H12)*G12)),"") | J12: =IFERROR(VLOOKUP(E12,Stock_Giga,12,FALSE),"") | K12: =IFERROR(VLOOKUP(E12,Stock_Giga,13,FALSE),"") | L12: =IFERROR(N12-COUNTIF(Colonne_Articles,F12),"") | N12: =IFERROR(VLOOKUP(E12,Stock_Giga,5,FALSE),"")
F13: =IFERROR(VLOOKUP(E13,Stock_Giga,2,FALSE),"") | I13: =IFERROR((IF(ISBLANK(G13),K13-H13,(K13-H13)*G13)),"") | J13: =IFERROR(VLOOKUP(E13,Stock_Giga,12,FALSE),"") | K13: =IFERROR(VLOOKUP(E13,Stock_Giga,13,FALSE),"") | L13: =IFERROR(N13-COUNTIF(Colonne_Articles,F13),"") | N13: =IFERROR(VLOOKUP(E13,Stock_Giga,5,FALSE),"")
F14: =IFERROR(VLOOKUP(E14,Stock_Giga,2,FALSE),"") | I14: =IFERROR((IF(ISBLANK(G14),K14-H14,(K14-H14)*G14)),"") | J14: =IFERROR(VLOOKUP(E14,Stock_Giga,12,FALSE),"") | K14: =IFERROR(VLOOKUP(E14,Stock_Giga,13,FALSE),"") | L14: =IFERROR(N14-COUNTIF(Colonne_Articles,F14),"") | N14: =IFERROR(VLOOKUP(E14,Stock_Giga,5,FALSE),"")
F15: =IFERROR(VLOOKUP(E15,Stock_Giga,2,FALSE),"") | I15: =IFERROR((IF(ISBLANK(G15),K15-H15,(K15-H15)*G15)),"") | J15: =IFERROR(VLOOKUP(E15,Stock_Giga,12,FALSE),"") | K15: =IFERROR(VLOOKUP(E15,Stock_Giga,13,FALSE),"") | L15: =IFERROR(N15-COUNTIF(Colonne_Articles,F15),"") | N15: =IFERROR(VLOOKUP(E15,Stock_Giga,5,FALSE),"")
F16: =IFERROR(VLOOKUP(E16,Stock_Giga,2,FALSE),"") | I16: =IFERROR((IF(ISBLANK(G16),K16-H16,(K16-H16)*G16)),"") | J16: =IFERROR(VLOOKUP(E16,Stock_Giga,12,FALSE),"") | K16: =IFERROR(VLOOKUP(E16,Stock_Giga,13,FALSE),"") | L16: =IFERROR(N16-COUNTIF(Colonne_Articles,F16),"") | N16: =IFERROR(VLOOKUP(E16,Stock_Giga,5,FALSE),"")
F17: =IFERROR(VLOOKUP(E17,Stock_Giga,2,FALSE),"") | I17: =IFERROR((IF(ISBLANK(G17),K17-H17,(K17-H17)*G17)),"") | J17: =IFERROR(VLOOKUP(E17,Stock_Giga,12,FALSE),"") | K17: =IFERROR(VLOOKUP(E17,Stock_Giga,13,FALSE),"") | L17: =IFERROR(N17-COUNTIF(Colonne_Articles,F17),"") | N17: =IFERROR(VLOOKUP(E17,Stock_Giga,5,FALSE),"")
F18: =IFERROR(VLOOKUP(E18,Stock_Giga,2,FALSE),"") | I18: =IFERROR((IF(ISBLANK(G18),K18-H18,(K18-H18)*G18)),"") | J18: =IFERROR(VLOOKUP(E18,Stock_Giga,12,FALSE),"") | K18: =IFERROR(VLOOKUP(E18,Stock_Giga,13,FALSE),"") | L18: =IFERROR(N18-COUNTIF(Colonne_Articles,F18),"") | N18: =IFERROR(VLOOKUP(E18,Stock_Giga,5,FALSE),"")
F19: =IFERROR(VLOOKUP(E19,Stock_Giga,2,FALSE),"") | I19: =IFERROR((IF(ISBLANK(G19),K19-H19,(K19-H19)*G19)),"") | J19: =IFERROR(VLOOKUP(E19,Stock_Giga,12,FALSE),"") | K19: =IFERROR(VLOOKUP(E19,Stock_Giga,13,FALSE),"") | L19: =IFERROR(N19-COUNTIF(Colonne_Articles,F19),"") | N19: =IFERROR(VLOOKUP(E19,Stock_Giga,5,FALSE),"")
F20: =IFERROR(VLOOKUP(E20,Stock_Giga,2,FALSE),"") | I20: =IFERROR((IF(ISBLANK(G20),K20-H20,(K20-H20)*G20)),"") | J20: =IFERROR(VLOOKUP(E20,Stock_Giga,12,FALSE),"") | K20: =IFERROR(VLOOKUP(E20,Stock_Giga,13,FALSE),"") | L20: =IFERROR(N20-COUNTIF(Colonne_Articles,F20),"") | N20: =IFERROR(VLOOKUP(E20,Stock_Giga,5,FALSE),"")
F21: =IFERROR(VLOOKUP(E21,Stock_Giga,2,FALSE),"") | I21: =IFERROR((IF(ISBLANK(G21),K21-H21,(K21-H21)*G21)),"") | J21: =IFERROR(VLOOKUP(E21,Stock_Giga,12,FALSE),"") | K21: =IFERROR(VLOOKUP(E21,Stock_Giga,13,FALSE),"") | L21: =IFERROR(N21-COUNTIF(Colonne_Articles,F21),"") | N21: =IFERROR(VLOOKUP(E21,Stock_Giga,5,FALSE),"")

Sheet Light 2
A1: Reste | B1: =19+F4-B4 -> 86.5 | H1: =-10+L4-H4 -> 288 | N1: =R4-N4 -> 11 | T1: Gains | U1: Tunisiana | V1: 25620869
A2: Caisse | B2: =(B4+H4+N4)-(G4+M4+S4)-13.27+50-T2 -> -102.27 | L2: Gains | N2: =5.313+E4+K4+Q4-210.768 -> 13.19 | T2: =T39+T74+T111+T147+T184+T220+T257+T294+T330+T367+T403+T440 -> 9 | U2: Telecom | V2: 95710703 | W2: 96615059
B4: =B39+B74+B111+B147+B184+B220+B257+B294+B330+B367+B403+B440 -> 1932.5 | C4: =C39+C74+C111+C147+C184+C220+C257+C294+C330+C367+C403+C440 -> 1835.875 | E4: =E39+E74+E111+E147+E184+E220+E257+E294+E330+E367+E403+E440 -> 96.625 | F4: =F39+F74+F111+F147+F184+F220+F257+F294+F330+F367+F403+F440 -> 2000 | G4: =G39+G74+G111+G147+G184+G220+G257+G294+G330+G367+G403+G440 -> 1900 | H4: =H39+H74+H111+H147+H184+H220+H257+H294+H330+H367+H403+H440 -> 1502 | I4: =I39+I74+I111+I147+I184+I220+I257+I294+I330+I367+I403+I440 -> 1381.93 | K4: =K39+K74+K111+K147+K184+K220+K257+K294+K330+K367+K403+K440 -> 120.07 | L4: =L39+L74+L111+L147+L184+L220+L257+L294+L330+L367+L403+L440 -> 1800 | M4: =M39+M74+M111+M147+M184+M220+M257+M294+M330+M367+M403+M440 -> 1656 | N4: =N39+N74+N111+N147+N184+N220+N257+N294+N330+N367+N403+N440 -> 39 | O4: =O39+O74+O111+O147+O184+O220+O257+O294+O330+O367+O403+O440 -> 37.05 | Q4: =Q39+Q74+Q111+Q147+Q184+Q220+Q257+Q294+Q330+Q367+Q403+Q440 -> 1.95 | R4: =R39+R74+R111+R147+R184+R220+R257+R294+R330+R367+R403+R440 -> 50 | S4: =S39+S74+S111+S147+S184+S220+S257+S294+S330+S367+S403+S440 -> 47.5
A5: Janvier 2010
A6: Date | B6: Tunisiana | H6: Telecom | N6: Orange | T6: Gains
B7: Unités | C7: Base | D7: Coef. | E7: Gains | F7: Achats | G7: payés | H7: Unités | I7: Base | J7: Coef. | K7: Gains | L7: Achats | M7: payés | N7: Unités | O7: Base | P7: Coef. | Q7: Gains | R7: Achats | S7: payés
A8: 40179 | B8: 1 | C8: =B8*D8 -> 0.95 | D8: =47500/50000 -> 0.95 | E8: =B8-C8 -> 0.05 | G8: =F8*D8 -> 0 | H8: 3 | I8: =H8*J8 -> 2.85 | J8: =47500/50000 -> 0.95 | K8: =H8-I8 -> 0.15 | M8: =L8*J8 -> 0 | O8: =N8*P8 -> 0 | P8: =47500/50000 -> 0.95 | Q8: =N8-O8 -> 0 | S8: =R8*P8 -> 0
A9: =A8+1 -> 40180 | B9: 5 | C9: =B9*D9 -> 4.75 | D9: =D8 -> 0.95 | E9: =B9-C9 -> 0.25 | G9: =F9*D9 -> 0 | H9: 5 | I9: =H9*J9 -> 4.6 | J9: =92/100 -> 0.92 | K9: =H9-I9 -> 0.4 | M9: =L9*J9 -> 0 | O9: =N9*P9 -> 0 | P9: =P8 -> 0.95 | Q9: =N9-O9 -> 0 | S9: =R9*P9 -> 0
A10: =A9+1 -> 40181 | B10: 1 | C10: =B10*D10 -> 0.95 | D10: =D9 -> 0.95 | E10: =B10-C10 -> 0.05 | G10: =F10*D10 -> 0 | H10: 0 | I10: =H10*J10 -> 0 | J10: =J9 -> 0.92 | K10: =H10-I10 -> 0 | M10: =L10*J10 -> 0 | O10: =N10*P10 -> 0 | P10: =P9 -> 0.95 | Q10: =N10-O10 -> 0 | S10: =R10*P10 -> 0
A11: =A10+1 -> 40182 | B11: 5 | C11: =B11*D11 -> 4.75 | D11: =D10 -> 0.95 | E11: =B11-C11 -> 0.25 | F11: 50 | G11: =F11*D11 -> 47.5 | H11: 12 | I11: =H11*J11 -> 11.04 | J11: =J10 -> 0.92 | K11: =H11-I11 -> 0.96 | L11: 50 | M11: =L11*J11 -> 46 | O11: =N11*P11 -> 0 | P11: =P10 -> 0.95 | Q11: =N11-O11 -> 0 | S11: =R11*P11 -> 0
A12: =A11+1 -> 40183 | B12: 8 | C12: =B12*D12 -> 7.6 | D12: =D11 -> 0.95 | E12: =B12-C12 -> 0.4 | G12: =F12*D12 -> 0 | H12: 17 | I12: =H12*J12 -> 15.64 | J12: =J11 -> 0.92 | K12: =H12-I12 -> 1.36 | M12: =L12*J12 -> 0 | O12: =N12*P12 -> 0 | P12: =P11 -> 0.95 | Q12: =N12-O12 -> 0 | S12: =R12*P12 -> 0
A13: =A12+1 -> 40184 | B13: 1 | C13: =B13*D13 -> 0.95 | D13: =D12 -> 0.95 | E13: =B13-C13 -> 0.05 | G13: =F13*D13 -> 0 | H13: 0 | I13: =H13*J13 -> 0 | J13: =J12 -> 0.92 | K13: =H13-I13 -> 0 | M13: =L13*J13 -> 0 | O13: =N13*P13 -> 0 | P13: =P12 -> 0.95 | Q13: =N13-O13 -> 0 | S13: =R13*P13 -> 0
A14: =A13+1 -> 40185 | B14: 3 | C14: =B14*D14 -> 2.85 | D14: =D13 -> 0.95 | E14: =B14-C14 -> 0.15 | G14: =F14*D14 -> 0 | H14: 0 | I14: =H14*J14 -> 0 | J14: =J13 -> 0.92 | K14: =H14-I14 -> 0 | M14: =L14*J14 -> 0 | O14: =N14*P14 -> 0 | P14: =P13 -> 0.95 | Q14: =N14-O14 -> 0 | S14: =R14*P14 -> 0
A15: =A14+1 -> 40186 | B15: 8 | C15: =B15*D15 -> 7.6 | D15: =D14 -> 0.95 | E15: =B15-C15 -> 0.4 | G15: =F15*D15 -> 0 | H15: 2 | I15: =H15*J15 -> 1.84 | J15: =J14 -> 0.92 | K15: =H15-I15 -> 0.16 | M15: =L15*J15 -> 0 | O15: =N15*P15 -> 0 | P15: =P14 -> 0.95 | Q15: =N15-O15 -> 0 | S15: =R15*P15 -> 0
A16: =A15+1 -> 40187 | B16: 4 | C16: =B16*D16 -> 3.8 | D16: =D15 -> 0.95 | E16: =B16-C16 -> 0.2 | G16: =F16*D16 -> 0 | H16: 0 | I16: =H16*J16 -> 0 | J16: =J15 -> 0.92 | K16: =H16-I16 -> 0 | M16: =L16*J16 -> 0 | O16: =N16*P16 -> 0 | P16: =P15 -> 0.95 | Q16: =N16-O16 -> 0 | S16: =R16*P16 -> 0
A17: =A16+1 -> 40188 | B17: 10 | C17: =B17*D17 -> 9.5 | D17: =D16 -> 0.95 | E17: =B17-C17 -> 0.5 | G17: =F17*D17 -> 0 | H17: 2 | I17: =H17*J17 -> 1.84 | J17: =J16 -> 0.92 | K17: =H17-I17 -> 0.16 | M17: =L17*J17 -> 0 | O17: =N17*P17 -> 0 | P17: =P16 -> 0.95 | Q17: =N17-O17 -> 0 | S17: =R17*P17 -> 0
A18: =A17+1 -> 40189 | B18: 4 | C18: =B18*D18 -> 3.8 | D18: =D17 -> 0.95 | E18: =B18-C18 -> 0.2 | G18: =F18*D18 -> 0 | H18: 3 | I18: =H18*J18 -> 2.76 | J18: =J17 -> 0.92 | K18: =H18-I18 -> 0.24 | M18: =L18*J18 -> 0 | O18: =N18*P18 -> 0 | P18: =P17 -> 0.95 | Q18: =N18-O18 -> 0 | S18: =R18*P18 -> 0
A19: =A18+1 -> 40190 | B19: 0 | C19: =B19*D19 -> 0 | D19: =D18 -> 0.95 | E19: =B19-C19 -> 0 | G19: =F19*D19 -> 0 | H19: 0 | I19: =H19*J19 -> 0 | J19: =J18 -> 0.92 | K19: =H19-I19 -> 0 | M19: =L19*J19 -> 0 | O19: =N19*P19 -> 0 | P19: =P18 -> 0.95 | Q19: =N19-O19 -> 0 | S19: =R19*P19 -> 0
A20: =A19+1 -> 40191 | B20: 2 | C20: =B20*D20 -> 1.9 | D20: =D19 -> 0.95 | E20: =B20-C20 -> 0.1 | G20: =F20*D20 -> 0 | H20: 1 | I20: =H20*J20 -> 0.92 | J20: =J19 -> 0.92 | K20: =H20-I20 -> 0.08 | M20: =L20*J20 -> 0 | O20: =N20*P20 -> 0 | P20: =P19 -> 0.95 | Q20: =N20-O20 -> 0 | S20: =R20*P20 -> 0
A21: =A20+1 -> 40192 | B21: 1 | C21: =B21*D21 -> 0.95 | D21: =D20 -> 0.95 | E21: =B21-C21 -> 0.05 | G21: =F21*D21 -> 0 | H21: 2 | I21: =H21*J21 -> 1.84 | J21: =J20 -> 0.92 | K21: =H21-I21 -> 0.16 | M21: =L21*J21 -> 0 | O21: =N21*P21 -> 0 | P21: =P20 -> 0.95 | Q21: =N21-O21 -> 0 | S21: =R21*P21 -> 0
A22: =A21+1 -> 40193 | B22: 7 | C22: =B22*D22 -> 6.65 | D22: =D21 -> 0.95 | E22: =B22-C22 -> 0.35 | F22: 50 | G22: =F22*D22 -> 47.5 | H22: 3 | I22: =H22*J22 -> 2.76 | J22: =J21 -> 0.92 | K22: =H22-I22 -> 0.24 | L22: 50 | M22: =L22*J22 -> 46 | O22: =N22*P22 -> 0 | P22: =P21 -> 0.95 | Q22: =N22-O22 -> 0 | S22: =R22*P22 -> 0
A23: =A22+1 -> 40194 | B23: 14 | C23: =B23*D23 -> 13.3 | D23: =D22 -> 0.95 | E23: =B23-C23 -> 0.7 | G23: =F23*D23 -> 0 | H23: 2 | I23: =H23*J23 -> 1.84 | J23: =J22 -> 0.92 | K23: =H23-I23 -> 0.16 | M23: =L23*J23 -> 0 | O23: =N23*P23 -> 0 | P23: =P22 -> 0.95 | Q23: =N23-O23 -> 0 | S23: =R23*P23 -> 0
A24: =A23+1 -> 40195 | B24: 0 | C24: =B24*D24 -> 0 | D24: =D23 -> 0.95 | E24: =B24-C24 -> 0 | G24: =F24*D24 -> 0 | H24: 0 | I24: =H24*J24 -> 0 | J24: =J23 -> 0.92 | K24: =H24-I24 -> 0 | M24: =L24*J24 -> 0 | O24: =N24*P24 -> 0 | P24: =P23 -> 0.95 | Q24: =N24-O24 -> 0 | S24: =R24*P24 -> 0
A25: =A24+1 -> 40196 | B25: 3 | C25: =B25*D25 -> 2.85 | D25: =D24 -> 0.95 | E25: =B25-C25 -> 0.15 | G25: =F25*D25 -> 0 | H25: 6 | I25: =H25*J25 -> 5.52 | J25: =J24 -> 0.92 | K25: =H25-I25 -> 0.48 | M25: =L25*J25 -> 0 | O25: =N25*P25 -> 0 | P25: =P24 -> 0.95 | Q25: =N25-O25 -> 0 | S25: =R25*P25 -> 0
A26: =A25+1 -> 40197 | B26: 4 | C26: =B26*D26 -> 3.8 | D26: =D25 -> 0.95 | E26: =B26-C26 -> 0.2 | G26: =F26*D26 -> 0 | H26: 8 | I26: =H26*J26 -> 7.36 | J26: =J25 -> 0.92 | K26: =H26-I26 -> 0.64 | M26: =L26*J26 -> 0 | O26: =N26*P26 -> 0 | P26: =P25 -> 0.95 | Q26: =N26-O26 -> 0 | S26: =R26*P26 -> 0
A27: =A26+1 -> 40198 | B27: 4 | C27: =B27*D27 -> 3.8 | D27: =D26 -> 0.95 | E27: =B27-C27 -> 0.2 | G27: =F27*D27 -> 0 | H27: 0 | I27: =H27*J27 -> 0 | J27: =J26 -> 0.92 | K27: =H27-I27 -> 0 | M27: =L27*J27 -> 0 | O27: =N27*P27 -> 0 | P27: =P26 -> 0.95 | Q27: =N27-O27 -> 0 | S27: =R27*P27 -> 0
A28: =A27+1 -> 40199 | B28: 2 | C28: =B28*D28 -> 1.9 | D28: =D27 -> 0.95 | E28: =B28-C28 -> 0.1 | G28: =F28*D28 -> 0 | H28: 1 | I28: =H28*J28 -> 0.92 | J28: =J27 -> 0.92 | K28: =H28-I28 -> 0.08 | M28: =L28*J28 -> 0 | O28: =N28*P28 -> 0 | P28: =P27 -> 0.95 | Q28: =N28-O28 -> 0 | S28: =R28*P28 -> 0
A29: =A28+1 -> 40200 | B29: 0 | C29: =B29*D29 -> 0 | D29: =D28 -> 0.95 | E29: =B29-C29 -> 0 | G29: =F29*D29 -> 0 | H29: 0 | I29: =H29*J29 -> 0 | J29: =J28 -> 0.92 | K29: =H29-I29 -> 0 | M29: =L29*J29 -> 0 | O29: =N29*P29 -> 0 | P29: =P28 -> 0.95 | Q29: =N29-O29 -> 0 | S29: =R29*P29 -> 0
A30: =A29+1 -> 40201 | B30: 0 | C30: =B30*D30 -> 0 | D30: =D29 -> 0.95 | E30: =B30-C30 -> 0 | G30: =F30*D30 -> 0 | H30: 0 | I30: =H30*J30 -> 0 | J30: =J29 -> 0.92 | K30: =H30-I30 -> 0 | M30: =L30*J30 -> 0 | O30: =N30*P30 -> 0 | P30: =P29 -> 0.95 | Q30: =N30-O30 -> 0 | S30: =R30*P30 -> 0
A31: =A30+1 -> 40202 | B31: 0 | C31: =B31*D31 -> 0 | D31: =D30 -> 0.95 | E31: =B31-C31 -> 0 | G31: =F31*D31 -> 0 | H31: 0 | I31: =H31*J31 -> 0 | J31: =J30 -> 0.92 | K31: =H31-I31 -> 0 | M31: =L31*J31 -> 0 | O31: =N31*P31 -> 0 | P31: =P30 -> 0.95 | Q31: =N31-O31 -> 0 | S31: =R31*P31 -> 0
A32: =A31+1 -> 40203 | B32: 12 | C32: =B32*D32 -> 11.4 | D32: =D31 -> 0.95 | E32: =B32-C32 -> 0.6 | G32: =F32*D32 -> 0 | H32: 6 | I32: =H32*J32 -> 5.52 | J32: =J31 -> 0.92 | K32: =H32-I32 -> 0.48 | M32: =L32*J32 -> 0 | O32: =N32*P32 -> 0 | P32: =P31 -> 0.95 | Q32: =N32-O32 -> 0 | S32: =R32*P32 -> 0
A33: =A32+1 -> 40204 | B33: 3 | C33: =B33*D33 -> 2.85 | D33: =D32 -> 0.95 | E33: =B33-C33 -> 0.15 | G33: =F33*D33 -> 0 | H33: 3 | I33: =H33*J33 -> 2.76 | J33: =J32 -> 0.92 | K33: =H33-I33 -> 0.24 | M33: =L33*J33 -> 0 | O33: =N33*P33 -> 0 | P33: =P32 -> 0.95 | Q33: =N33-O33 -> 0 | S33: =R33*P33 -> 0
A34: =A33+1 -> 40205 | B34: 9 | C34: =B34*D34 -> 8.55 | D34: =D33 -> 0.95 | E34: =B34-C34 -> 0.45 | G34: =F34*D34 -> 0 | H34: 3 | I34: =H34*J34 -> 2.76 | J34: =J33 -> 0.92 | K34: =H34-I34 -> 0.24 | M34: =L34*J34 -> 0 | O34: =N34*P34 -> 0 | P34: =P33 -> 0.95 | Q34: =N34-O34 -> 0 | S34: =R34*P34 -> 0
A35: =A34+1 -> 40206 | B35: 8 | C35: =B35*D35 -> 7.6 | D35: =D34 -> 0.95 | E35: =B35-C35 -> 0.4 | F35: 50 | G35: =F35*D35 -> 47.5 | H35: 2 | I35: =H35*J35 -> 1.84 | J35: =J34 -> 0.92 | K35: =H35-I35 -> 0.16 | M35: =L35*J35 -> 0 | O35: =N35*P35 -> 0 | P35: =P34 -> 0.95 | Q35: =N35-O35 -> 0 | S35: =R35*P35 -> 0
A36: =A35+1 -> 40207 | B36: 10 | C36: =B36*D36 -> 9.5 | D36: =D35 -> 0.95 | E36: =B36-C36 -> 0.5 | G36: =F36*D36 -> 0 | H36: 2 | I36: =H36*J36 -> 1.84 | J36: =J35 -> 0.92 | K36: =H36-I36 -> 0.16 | M36: =L36*J36 -> 0 | O36: =N36*P36 -> 0 | P36: =P35 -> 0.95 | Q36: =N36-O36 -> 0 | S36: =R36*P36 -> 0
A37: =A36+1 -> 40208 | B37: 2 | C37: =B37*D37 -> 1.9 | D37: =D36 -> 0.95 | E37: =B37-C37 -> 0.1 | G37: =F37*D37 -> 0 | H37: 4 | I37: =H37*J37 -> 3.68 | J37: =J36 -> 0.92 | K37: =H37-I37 -> 0.32 | M37: =L37*J37 -> 0 | O37: =N37*P37 -> 0 | P37: =P36 -> 0.95 | Q37: =N37-O37 -> 0 | S37: =R37*P37 -> 0
A38: =A37+1 -> 40209 | C38: =B38*D38 -> 0 | D38: =D37 -> 0.95 | E38: =B38-C38 -> 0 | G38: =F38*D38 -> 0 | I38: =H38*J38 -> 0 | J38: =J37 -> 0.92 | K38: =H38-I38 -> 0 | M38: =L38*J38 -> 0 | O38: =N38*P38 -> 0 | P38: =P37 -> 0.95 | Q38: =N38-O38 -> 0 | S38: =R38*P38 -> 0
A39: Total | B39: =SUM(B8:B38) -> 131 | C39: =SUM(C8:C38) -> 124.45 | E39: =SUM(E8:E38) -> 6.55 | F39: =SUM(F8:F38) -> 150 | G39: =SUM(G8:G38) -> 142.5 | H39: =SUM(H8:H38) -> 87 | I39: =SUM(I8:I38) -> 80.13 | K39: =SUM(K8:K38) -> 6.87 | L39: =SUM(L8:L38) -> 100 | M39: =SUM(M8:M38) -> 92 | N39: =SUM(N8:N38) -> 0 | O39: =SUM(O8:O38) -> 0 | Q39: =SUM(Q8:Q38) -> 0 | R39: =SUM(R8:R38) -> 0 | S39: =SUM(S8:S38) -> 0 | T39: =SUM(T8:T38) -> 0
A42: Fevrier 2010
A43: Date | B43: Tunisiana | H43: Telecom | N43: Orange | T43: Gains
B44: Unités | C44: Base | D44: Coef. | E44: Gains | F44: Achats | G44: payés | H44: Unités | I44: Base | J44: Coef. | K44: Gains | L44: Achats | M44: payés | N44: Unités | O44: Base | P44: Coef. | Q44: Gains | R44: Achats | S44: payés
A45: =A38+1 -> 40210 | B45: 2 | C45: =B45*D45 -> 1.9 | D45: =47500/50000 -> 0.95 | E45: =B45-C45 -> 0.1 | G45: =F45*D45 -> 0 | H45: 18 | I45: =H45*J45 -> 16.56 | J45: =92/100 -> 0.92 | K45: =H45-I45 -> 1.44 | M45: =L45*J45 -> 0 | O45: =N45*P45 -> 0 | P45: =47500/50000 -> 0.95 | Q45: =N45-O45 -> 0 | S45: =R45*P45 -> 0
A46: =A45+1 -> 40211 | B46: 5 | C46: =B46*D46 -> 4.75 | D46: =D45 -> 0.95 | E46: =B46-C46 -> 0.25 | G46: =F46*D46 -> 0 | H46: 0 | I46: =H46*J46 -> 0 | J46: =J45 -> 0.92 | K46: =H46-I46 -> 0 | M46: =L46*J46 -> 0 | O46: =N46*P46 -> 0 | P46: =P45 -> 0.95 | Q46: =N46-O46 -> 0 | S46: =R46*P46 -> 0
A47: =A46+1 -> 40212 | B47: 13 | C47: =B47*D47 -> 12.35 | D47: =D46 -> 0.95 | E47: =B47-C47 -> 0.65 | G47: =F47*D47 -> 0 | H47: 2 | I47: =H47*J47 -> 1.84 | J47: =J46 -> 0.92 | K47: =H47-I47 -> 0.16 | M47: =L47*J47 -> 0 | O47: =N47*P47 -> 0 | P47: =P46 -> 0.95 | Q47: =N47-O47 -> 0 | S47: =R47*P47 -> 0
A48: =A47+1 -> 40213 | B48: 0 | C48: =B48*D48 -> 0 | D48: =D47 -> 0.95 | E48: =B48-C48 -> 0 | F48: 50 | G48: =F48*D48 -> 47.5 | H48: 0 | I48: =H48*J48 -> 0 | J48: =J47 -> 0.92 | K48: =H48-I48 -> 0 | L48: 50 | M48: =L48*J48 -> 46 | O48: =N48*P48 -> 0 | P48: =P47 -> 0.95 | Q48: =N48-O48 -> 0 | S48: =R48*P48 -> 0
A49: =A48+1 -> 40214 | B49: 1 | C49: =B49*D49 -> 0.95 | D49: =D48 -> 0.95 | E49: =B49-C49 -> 0.05 | G49: =F49*D49 -> 0 | H49: 2 | I49: =H49*J49 -> 1.84 | J49: =J48 -> 0.92 | K49: =H49-I49 -> 0.16 | M49: =L49*J49 -> 0 | O49: =N49*P49 -> 0 | P49: =P48 -> 0.95 | Q49: =N49-O49 -> 0 | S49: =R49*P49 -> 0
A50: =A49+1 -> 40215 | B50: 0 | C50: =B50*D50 -> 0 | D50: =D49 -> 0.95 | E50: =B50-C50 -> 0 | G50: =F50*D50 -> 0 | H50: 0 | I50: =H50*J50 -> 0 | J50: =J49 -> 0.92 | K50: =H50-I50 -> 0 | M50: =L50*J50 -> 0 | O50: =N50*P50 -> 0 | P50: =P49 -> 0.95 | Q50: =N50-O50 -> 0 | S50: =R50*P50 -> 0
A51: =A50+1 -> 40216 | B51: 5 | C51: =B51*D51 -> 4.75 | D51: =D50 -> 0.95 | E51: =B51-C51 -> 0.25 | G51: =F51*D51 -> 0 | H51: 10 | I51: =H51*J51 -> 9.2 | J51: =J50 -> 0.92 | K51: =H51-I51 -> 0.8 | M51: =L51*J51 -> 0 | O51: =N51*P51 -> 0 | P51: =P50 -> 0.95 | Q51: =N51-O51 -> 0 | S51: =R51*P51 -> 0
A52: =A51+1 -> 40217 | B52: 7 | C52: =B52*D52 -> 6.65 | D52: =D51 -> 0.95 | E52: =B52-C52 -> 0.35 | G52: =F52*D52 -> 0 | H52: 2 | I52: =H52*J52 -> 1.84 | J52: =J51 -> 0.92 | K52: =H52-I52 -> 0.16 | M52: =L52*J52 -> 0 | O52: =N52*P52 -> 0 | P52: =P51 -> 0.95 | Q52: =N52-O52 -> 0 | S52: =R52*P52 -> 0
A53: =A52+1 -> 40218 | B53: 3 | C53: =B53*D53 -> 2.85 | D53: =D52 -> 0.95 | E53: =B53-C53 -> 0.15 | G53: =F53*D53 -> 0 | H53: 1 | I53: =H53*J53 -> 0.92 | J53: =J52 -> 0.92 | K53: =H53-I53 -> 0.08 | M53: =L53*J53 -> 0 | O53: =N53*P53 -> 0 | P53: =P52 -> 0.95 | Q53: =N53-O53 -> 0 | S53: =R53*P53 -> 0
A54: =A53+1 -> 40219 | B54: 2 | C54: =B54*D54 -> 1.9 | D54: =D53 -> 0.95 | E54: =B54-C54 -> 0.1 | G54: =F54*D54 -> 0 | H54: 2 | I54: =H54*J54 -> 1.84 | J54: =J53 -> 0.92 | K54: =H54-I54 -> 0.16 | M54: =L54*J54 -> 0 | O54: =N54*P54 -> 0 | P54: =P53 -> 0.95 | Q54: =N54-O54 -> 0 | S54: =R54*P54 -> 0
A55: =A54+1 -> 40220 | B55: 12 | C55: =B55*D55 -> 11.4 | D55: =D54 -> 0.95 | E55: =B55-C55 -> 0.6 | G55: =F55*D55 -> 0 | H55: 2 | I55: =H55*J55 -> 1.84 | J55: =J54 -> 0.92 | K55: =H55-I55 -> 0.16 | M55: =L55*J55 -> 0 | O55: =N55*P55 -> 0 | P55: =P54 -> 0.95 | Q55: =N55-O55 -> 0 | S55: =R55*P55 -> 0
A56: =A55+1 -> 40221 | B56: 0 | C56: =B56*D56 -> 0 | D56: =D55 -> 0.95 | E56: =B56-C56 -> 0 | G56: =F56*D56 -> 0 | H56: 0 | I56: =H56*J56 -> 0 | J56: =J55 -> 0.92 | K56: =H56-I56 -> 0 | M56: =L56*J56 -> 0 | O56: =N56*P56 -> 0 | P56: =P55 -> 0.95 | Q56: =N56-O56 -> 0 | S56: =R56*P56 -> 0
A57: =A56+1 -> 40222 | B57: 3 | C57: =B57*D57 -> 2.85 | D57: =D56 -> 0.95 | E57: =B57-C57 -> 0.15 | G57: =F57*D57 -> 0 | H57: 2 | I57: =H57*J57 -> 1.84 | J57: =J56 -> 0.92 | K57: =H57-I57 -> 0.16 | M57: =L57*J57 -> 0 | O57: =N57*P57 -> 0 | P57: =P56 -> 0.95 | Q57: =N57-O57 -> 0 | S57: =R57*P57 -> 0
A58: =A57+1 -> 40223 | B58: 0 | C58: =B58*D58 -> 0 | D58: =D57 -> 0.95 | E58: =B58-C58 -> 0 | G58: =F58*D58 -> 0 | H58: 0 | I58: =H58*J58 -> 0 | J58: =J57 -> 0.92 | K58: =H58-I58 -> 0 | M58: =L58*J58 -> 0 | O58: =N58*P58 -> 0 | P58: =P57 -> 0.95 | Q58: =N58-O58 -> 0 | S58: =R58*P58 -> 0
A59: =A58+1 -> 40224 | B59: 6 | C59: =B59*D59 -> 5.7 | D59: =D58 -> 0.95 | E59: =B59-C59 -> 0.3 | G59: =F59*D59 -> 0 | H59: 6 | I59: =H59*J59 -> 5.52 | J59: =J58 -> 0.92 | K59: =H59-I59 -> 0.48 | M59: =L59*J59 -> 0 | O59: =N59*P59 -> 0 | P59: =P58 -> 0.95 | Q59: =N59-O59 -> 0 | S59: =R59*P59 -> 0
A60: =A59+1 -> 40225 | B60: 0 | C60: =B60*D60 -> 0 | D60: =D59 -> 0.95 | E60: =B60-C60 -> 0 | G60: =F60*D60 -> 0 | H60: 0 | I60: =H60*J60 -> 0 | J60: =J59 -> 0.92 | K60: =H60-I60 -> 0 | M60: =L60*J60 -> 0 | O60: =N60*P60 -> 0 | P60: =P59 -> 0.95 | Q60: =N60-O60 -> 0 | S60: =R60*P60 -> 0
A61: =A60+1 -> 40226 | B61: 15 | C61: =B61*D61 -> 14.25 | D61: =D60 -> 0.95 | E61: =B61-C61 -> 0.75 | G61: =F61*D61 -> 0 | H61: 10 | I61: =H61*J61 -> 9.2 | J61: =J60 -> 0.92 | K61: =H61-I61 -> 0.8 | M61: =L61*J61 -> 0 | O61: =N61*P61 -> 0 | P61: =P60 -> 0.95 | Q61: =N61-O61 -> 0 | S61: =R61*P61 -> 0
A62: =A61+1 -> 40227 | B62: 3 | C62: =B62*D62 -> 2.85 | D62: =D61 -> 0.95 | E62: =B62-C62 -> 0.15 | F62: 50 | G62: =F62*D62 -> 47.5 | H62: 4 | I62: =H62*J62 -> 3.68 | J62: =J61 -> 0.92 | K62: =H62-I62 -> 0.32 | L62: 50 | M62: =L62*J62 -> 46 | O62: =N62*P62 -> 0 | P62: =P61 -> 0.95 | Q62: =N62-O62 -> 0 | S62: =R62*P62 -> 0
A63: =A62+1 -> 40228 | B63: 16 | C63: =B63*D63 -> 15.2 | D63: =D62 -> 0.95 | E63: =B63-C63 -> 0.8 | G63: =F63*D63 -> 0 | H63: 5 | I63: =H63*J63 -> 4.6 | J63: =J62 -> 0.92 | K63: =H63-I63 -> 0.4 | M63: =L63*J63 -> 0 | O63: =N63*P63 -> 0 | P63: =P62 -> 0.95 | Q63: =N63-O63 -> 0 | S63: =R63*P63 -> 0
A64: =A63+1 -> 40229 | B64: 0 | C64: =B64*D64 -> 0 | D64: =D63 -> 0.95 | E64: =B64-C64 -> 0 | G64: =F64*D64 -> 0 | H64: 0 | I64: =H64*J64 -> 0 | J64: =J63 -> 0.92 | K64: =H64-I64 -> 0 | M64: =L64*J64 -> 0 | O64: =N64*P64 -> 0 | P64: =P63 -> 0.95 | Q64: =N64-O64 -> 0 | S64: =R64*P64 -> 0
A65: =A64+1 -> 40230 | B65: 16 | C65: =B65*D65 -> 15.2 | D65: =D64 -> 0.95 | E65: =B65-C65 -> 0.8 | G65: =F65*D65 -> 0 | H65: 7 | I65: =H65*J65 -> 6.44 | J65: =J64 -> 0.92 | K65: =H65-I65 -> 0.56 | M65: =L65*J65 -> 0 | O65: =N65*P65 -> 0 | P65: =P64 -> 0.95 | Q65: =N65-O65 -> 0 | S65: =R65*P65 -> 0
A66: =A65+1 -> 40231 | B66: 14 | C66: =B66*D66 -> 13.3 | D66: =D65 -> 0.95 | E66: =B66-C66 -> 0.7 | G66: =F66*D66 -> 0 | H66: 1 | I66: =H66*J66 -> 0.92 | J66: =J65 -> 0.92 | K66: =H66-I66 -> 0.08 | M66: =L66*J66 -> 0 | O66: =N66*P66 -> 0 | P66: =P65 -> 0.95 | Q66: =N66-O66 -> 0 | S66: =R66*P66 -> 0
A67: =A66+1 -> 40232 | B67: 3 | C67: =B67*D67 -> 2.85 | D67: =D66 -> 0.95 | E67: =B67-C67 -> 0.15 | G67: =F67*D67 -> 0 | H67: 2 | I67: =H67*J67 -> 1.84 | J67: =J66 -> 0.92 | K67: =H67-I67 -> 0.16 | M67: =L67*J67 -> 0 | O67: =N67*P67 -> 0 | P67: =P66 -> 0.95 | Q67: =N67-O67 -> 0 | S67: =R67*P67 -> 0
A68: =A67+1 -> 40233 | B68: 7 | C68: =B68*D68 -> 6.65 | D68: =D67 -> 0.95 | E68: =B68-C68 -> 0.35 | G68: =F68*D68 -> 0 | H68: 3 | I68: =H68*J68 -> 2.76 | J68: =J67 -> 0.92 | K68: =H68-I68 -> 0.24 | M68: =L68*J68 -> 0 | O68: =N68*P68 -> 0 | P68: =P67 -> 0.95 | Q68: =N68-O68 -> 0 | S68: =R68*P68 -> 0
A69: =A68+1 -> 40234 | B69: 17 | C69: =B69*D69 -> 16.15 | D69: =D68 -> 0.95 | E69: =B69-C69 -> 0.85 | F69: 50 | G69: =F69*D69 -> 47.5 | H69: 1 | I69: =H69*J69 -> 0.92 | J69: =J68 -> 0.92 | K69: =H69-I69 -> 0.08 | L69: 50 | M69: =L69*J69 -> 46 | O69: =N69*P69 -> 0 | P69: =P68 -> 0.95 | Q69: =N69-O69 -> 0 | S69: =R69*P69 -> 0
A70: =A69+1 -> 40235 | B70: 0 | C70: =B70*D70 -> 0 | D70: =D69 -> 0.95 | E70: =B70-C70 -> 0 | G70: =F70*D70 -> 0 | H70: 19 | I70: =H70*J70 -> 17.48 | J70: =J69 -> 0.92 | K70: =H70-I70 -> 1.52 | M70: =L70*J70 -> 0 | O70: =N70*P70 -> 0 | P70: =P69 -> 0.95 | Q70: =N70-O70 -> 0 | S70: =R70*P70 -> 0
A71: =A70+1 -> 40236 | B71: 0 | C71: =B71*D71 -> 0 | D71: =D70 -> 0.95 | E71: =B71-C71 -> 0 | G71: =F71*D71 -> 0 | H71: 10 | I71: =H71*J71 -> 9.2 | J71: =J70 -> 0.92 | K71: =H71-I71 -> 0.8 | M71: =L71*J71 -> 0 | O71: =N71*P71 -> 0 | P71: =P70 -> 0.95 | Q71: =N71-O71 -> 0 | S71: =R71*P71 -> 0
A72: =A71+1 -> 40237 | B72: 10 | C72: =B72*D72 -> 9.5 | D72: =D71 -> 0.95 | E72: =B72-C72 -> 0.5 | G72: =F72*D72 -> 0 | H72: 13 | I72: =H72*J72 -> 11.96 | J72: =J71 -> 0.92 | K72: =H72-I72 -> 1.04 | M72: =L72*J72 -> 0 | O72: =N72*P72 -> 0 | P72: =P71 -> 0.95 | Q72: =N72-O72 -> 0 | S72: =R72*P72 -> 0
C73: =B73*D73 -> 0 | D73: =D72 -> 0.95 | E73: =B73-C73 -> 0 | G73: =F73*D73 -> 0 | I73: =H73*J73 -> 0 | J73: =J72 -> 0.92 | K73: =H73-I73 -> 0 | M73: =L73*J73 -> 0 | O73: =N73*P73 -> 0 | P73: =P72 -> 0.95 | Q73: =N73-O73 -> 0 | S73: =R73*P73 -> 0
A74: Total | B74: =SUM(B45:B73) -> 160 | C74: =SUM(C45:C73) -> 152 | E74: =SUM(E45:E73) -> 8 | F74: =SUM(F45:F73) -> 150 | G74: =SUM(G45:G73) -> 142.5 | H74: =SUM(H45:H73) -> 122 | I74: =SUM(I45:I73) -> 112.24 | K74: =SUM(K45:K73) -> 9.76 | L74: =SUM(L45:L73) -> 150 | M74: =SUM(M45:M73) -> 138 | N74: =SUM(N45:N73) -> 0 | O74: =SUM(O45:O73) -> 0 | Q74: =SUM(Q45:Q73) -> 0 | R74: =SUM(R45:R73) -> 0 | S74: =SUM(S45:S73) -> 0 | T74: =SUM(T45:T73) -> 0
A77: Mars 2010
A78: Date | B78: Tunisiana | H78: Telecom | N78: Orange | T78: Gains
B79: Unités | C79: Base | D79: Coef. | E79: Gains | F79: Achats | G79: payés | H79: Unités | I79: Base | J79: Coef. | K79: Gains | L79: Achats | M79: payés | N79: Unités | O79: Base | P79: Coef. | Q79: Gains | R79: Achats | S79: payés
A80: =A72+1 -> 40238 | B80: 2 | C80: =B80*D80 -> 1.9 | D80: =47500/50000 -> 0.95 | E80: =B80-C80 -> 0.1 | G80: =F80*D80 -> 0 | H80: 1 | I80: =H80*J80 -> 0.92 | J80: =92/100 -> 0.92 | K80: =H80-I80 -> 0.08 | M80: =L80*J80 -> 0 | O80: =N80*P80 -> 0 | P80: =47500/50000 -> 0.95 | Q80: =N80-O80 -> 0 | S80: =R80*P80 -> 0
A81: =A80+1 -> 40239 | B81: 14 | C81: =B81*D81 -> 13.3 | D81: =D80 -> 0.95 | E81: =B81-C81 -> 0.7 | G81: =F81*D81 -> 0 | H81: 10 | I81: =H81*J81 -> 9.2 | J81: =J80 -> 0.92 | K81: =H81-I81 -> 0.8 | M81: =L81*J81 -> 0 | O81: =N81*P81 -> 0 | P81: =P80 -> 0.95 | Q81: =N81-O81 -> 0 | S81: =R81*P81 -> 0
A82: =A81+1 -> 40240 | B82: 5 | C82: =B82*D82 -> 4.75 | D82: =D81 -> 0.95 | E82: =B82-C82 -> 0.25 | G82: =F82*D82 -> 0 | H82: 2 | I82: =H82*J82 -> 1.84 | J82: =J81 -> 0.92 | K82: =H82-I82 -> 0.16 | M82: =L82*J82 -> 0 | O82: =N82*P82 -> 0 | P82: =P81 -> 0.95 | Q82: =N82-O82 -> 0 | S82: =R82*P82 -> 0
A83: =A82+1 -> 40241 | B83: 11 | C83: =B83*D83 -> 10.45 | D83: =D82 -> 0.95 | E83: =B83-C83 -> 0.55 | F83: 50 | G83: =F83*D83 -> 47.5 | H83: 4 | I83: =H83*J83 -> 3.68 | J83: =J82 -> 0.92 | K83: =H83-I83 -> 0.32 | M83: =L83*J83 -> 0 | O83: =N83*P83 -> 0 | P83: =P82 -> 0.95 | Q83: =N83-O83 -> 0 | S83: =R83*P83 -> 0
A84: =A83+1 -> 40242 | B84: 2 | C84: =B84*D84 -> 1.9 | D84: =D83 -> 0.95 | E84: =B84-C84 -> 0.1 | G84: =F84*D84 -> 0 | H84: 1 | I84: =H84*J84 -> 0.92 | J84: =J83 -> 0.92 | K84: =H84-I84 -> 0.08 | M84: =L84*J84 -> 0 | O84: =N84*P84 -> 0 | P84: =P83 -> 0.95 | Q84: =N84-O84 -> 0 | S84: =R84*P84 -> 0
A85: =A84+1 -> 40243 | B85: 16 | C85: =B85*D85 -> 15.2 | D85: =D84 -> 0.95 | E85: =B85-C85 -> 0.8 | G85: =F85*D85 -> 0 | H85: 3 | I85: =H85*J85 -> 2.76 | J85: =J84 -> 0.92 | K85: =H85-I85 -> 0.24 | M85: =L85*J85 -> 0 | O85: =N85*P85 -> 0 | P85: =P84 -> 0.95 | Q85: =N85-O85 -> 0 | S85: =R85*P85 -> 0
A86: =A85+1 -> 40244 | B86: 0 | C86: =B86*D86 -> 0 | D86: =D85 -> 0.95 | E86: =B86-C86 -> 0 | G86: =F86*D86 -> 0 | H86: 0 | I86: =H86*J86 -> 0 | J86: =J85 -> 0.92 | K86: =H86-I86 -> 0 | M86: =L86*J86 -> 0 | O86: =N86*P86 -> 0 | P86: =P85 -> 0.95 | Q86: =N86-O86 -> 0 | S86: =R86*P86 -> 0
A87: =A86+1 -> 40245 | B87: 0 | C87: =B87*D87 -> 0 | D87: =D86 -> 0.95 | E87: =B87-C87 -> 0 | G87: =F87*D87 -> 0 | H87: 0 | I87: =H87*J87 -> 0 | J87: =J86 -> 0.92 | K87: =H87-I87 -> 0 | M87: =L87*J87 -> 0 | O87: =N87*P87 -> 0 | P87: =P86 -> 0.95 | Q87: =N87-O87 -> 0 | S87: =R87*P87 -> 0
A88: =A87+1 -> 40246 | B88: 31 | C88: =B88*D88 -> 29.45 | D88: =D87 -> 0.95 | E88: =B88-C88 -> 1.55 | F88: 50 | G88: =F88*D88 -> 47.5 | H88: 7 | I88: =H88*J88 -> 6.44 | J88: =J87 -> 0.92 | K88: =H88-I88 -> 0.56 | L88: 50 | M88: =L88*J88 -> 46 | O88: =N88*P88 -> 0 | P88: =P87 -> 0.95 | Q88: =N88-O88 -> 0 | S88: =R88*P88 -> 0
A89: =A88+1 -> 40247 | B89: 11 | C89: =B89*D89 -> 10.45 | D89: =D88 -> 0.95 | E89: =B89-C89 -> 0.55 | G89: =F89*D89 -> 0 | H89: 0 | I89: =H89*J89 -> 0 | J89: =J88 -> 0.92 | K89: =H89-I89 -> 0 | M89: =L89*J89 -> 0 | O89: =N89*P89 -> 0 | P89: =P88 -> 0.95 | Q89: =N89-O89 -> 0 | S89: =R89*P89 -> 0
A90: =A89+1 -> 40248 | B90: 22 | C90: =B90*D90 -> 20.9 | D90: =D89 -> 0.95 | E90: =B90-C90 -> 1.1 | G90: =F90*D90 -> 0 | H90: 2 | I90: =H90*J90 -> 1.84 | J90: =J89 -> 0.92 | K90: =H90-I90 -> 0.16 | M90: =L90*J90 -> 0 | O90: =N90*P90 -> 0 | P90: =P89 -> 0.95 | Q90: =N90-O90 -> 0 | S90: =R90*P90 -> 0
A91: =A90+1 -> 40249 | B91: 26 | C91: =B91*D91 -> 24.7 | D91: =D90 -> 0.95 | E91: =B91-C91 -> 1.3 | F91: 50 | G91: =F91*D91 -> 47.5 | H91: 6 | I91: =H91*J91 -> 5.52 | J91: =J90 -> 0.92 | K91: =H91-I91 -> 0.48 | M91: =L91*J91 -> 0 | O91: =N91*P91 -> 0 | P91: =P90 -> 0.95 | Q91: =N91-O91 -> 0 | S91: =R91*P91 -> 0
A92: =A91+1 -> 40250 | B92: 0 | C92: =B92*D92 -> 0 | D92: =D91 -> 0.95 | E92: =B92-C92 -> 0 | G92: =F92*D92 -> 0 | H92: 0 | I92: =H92*J92 -> 0 | J92: =J91 -> 0.92 | K92: =H92-I92 -> 0 | M92: =L92*J92 -> 0 | O92: =N92*P92 -> 0 | P92: =P91 -> 0.95 | Q92: =N92-O92 -> 0 | S92: =R92*P92 -> 0
A93: =A92+1 -> 40251 | B93: 16 | C93: =B93*D93 -> 15.2 | D93: =D92 -> 0.95 | E93: =B93-C93 -> 0.8 | G93: =F93*D93 -> 0 | H93: 6 | I93: =H93*J93 -> 5.52 | J93: =J92 -> 0.92 | K93: =H93-I93 -> 0.48 | M93: =L93*J93 -> 0 | O93: =N93*P93 -> 0 | P93: =P92 -> 0.95 | Q93: =N93-O93 -> 0 | S93: =R93*P93 -> 0
A94: =A93+1 -> 40252 | B94: 7 | C94: =B94*D94 -> 6.65 | D94: =D93 -> 0.95 | E94: =B94-C94 -> 0.35 | G94: =F94*D94 -> 0 | H94: 15 | I94: =H94*J94 -> 13.8 | J94: =J93 -> 0.92 | K94: =H94-I94 -> 1.2 | M94: =L94*J94 -> 0 | O94: =N94*P94 -> 0 | P94: =P93 -> 0.95 | Q94: =N94-O94 -> 0 | S94: =R94*P94 -> 0
A95: =A94+1 -> 40253 | B95: 0 | C95: =B95*D95 -> 0 | D95: =D94 -> 0.95 | E95: =B95-C95 -> 0 | G95: =F95*D95 -> 0 | H95: 0 | I95: =H95*J95 -> 0 | J95: =J94 -> 0.92 | K95: =H95-I95 -> 0 | M95: =L95*J95 -> 0 | O95: =N95*P95 -> 0 | P95: =P94 -> 0.95 | Q95: =N95-O95 -> 0 | S95: =R95*P95 -> 0
A96: =A95+1 -> 40254 | B96: 9 | C96: =B96*D96 -> 8.55 | D96: =D95 -> 0.95 | E96: =B96-C96 -> 0.45 | F96: 50 | G96: =F96*D96 -> 47.5 | H96: 11 | I96: =H96*J96 -> 10.12 | J96: =J95 -> 0.92 | K96: =H96-I96 -> 0.88 | M96: =L96*J96 -> 0 | O96: =N96*P96 -> 0 | P96: =P95 -> 0.95 | Q96: =N96-O96 -> 0 | S96: =R96*P96 -> 0
A97: =A96+1 -> 40255 | B97: 16 | C97: =B97*D97 -> 15.2 | D97: =D96 -> 0.95 | E97: =B97-C97 -> 0.8 | G97: =F97*D97 -> 0 | H97: 21 | I97: =H97*J97 -> 19.32 | J97: =J96 -> 0.92 | K97: =H97-I97 -> 1.68 | M97: =L97*J97 -> 0 | O97: =N97*P97 -> 0 | P97: =P96 -> 0.95 | Q97: =N97-O97 -> 0 | S97: =R97*P97 -> 0
A98: =A97+1 -> 40256 | B98: 0 | C98: =B98*D98 -> 0 | D98: =D97 -> 0.95 | E98: =B98-C98 -> 0 | G98: =F98*D98 -> 0 | H98: 0 | I98: =H98*J98 -> 0 | J98: =J97 -> 0.92 | K98: =H98-I98 -> 0 | M98: =L98*J98 -> 0 | O98: =N98*P98 -> 0 | P98: =P97 -> 0.95 | Q98: =N98-O98 -> 0 | S98: =R98*P98 -> 0
A99: =A98+1 -> 40257 | B99: 0 | C99: =B99*D99 -> 0 | D99: =D98 -> 0.95 | E99: =B99-C99 -> 0 | G99: =F99*D99 -> 0 | H99: 0 | I99: =H99*J99 -> 0 | J99: =J98 -> 0.92 | K99: =H99-I99 -> 0 | M99: =L99*J99 -> 0 | O99: =N99*P99 -> 0 | P99: =P98 -> 0.95 | Q99: =N99-O99 -> 0 | S99: =R99*P99 -> 0
A100: =A99+1 -> 40258 | B100: 6 | C100: =B100*D100 -> 5.7 | D100: =D99 -> 0.95 | E100: =B100-C100 -> 0.3 | F100: 50 | G100: =F100*D100 -> 47.5 | H100: 18 | I100: =H100*J100 -> 16.56 | J100: =J99 -> 0.92 | K100: =H100-I100 -> 1.44 | L100: 50 | M100: =L100*J100 -> 46 | O100: =N100*P100 -> 0 | P100: =P99 -> 0.95 | Q100: =N100-O100 -> 0 | S100: =R100*P100 -> 0
A101: =A100+1 -> 40259 | B101: 6 | C101: =B101*D101 -> 5.7 | D101: =D100 -> 0.95 | E101: =B101-C101 -> 0.3 | G101: =F101*D101 -> 0 | H101: 5 | I101: =H101*J101 -> 4.6 | J101: =J100 -> 0.92 | K101: =H101-I101 -> 0.4 | M101: =L101*J101 -> 0 | O101: =N101*P101 -> 0 | P101: =P100 -> 0.95 | Q101: =N101-O101 -> 0 | S101: =R101*P101 -> 0
A102: =A101+1 -> 40260 | B102: 7 | C102: =B102*D102 -> 6.65 | D102: =D101 -> 0.95 | E102: =B102-C102 -> 0.35 | G102: =F102*D102 -> 0 | H102: 6 | I102: =H102*J102 -> 5.52 | J102: =J101 -> 0.92 | K102: =H102-I102 -> 0.48 | M102: =L102*J102 -> 0 | O102: =N102*P102 -> 0 | P102: =P101 -> 0.95 | Q102: =N102-O102 -> 0 | S102: =R102*P102 -> 0
A103: =A102+1 -> 40261 | B103: 15 | C103: =B103*D103 -> 14.25 | D103: =D102 -> 0.95 | E103: =B103-C103 -> 0.75 | G103: =F103*D103 -> 0 | H103: 9 | I103: =H103*J103 -> 8.28 | J103: =J102 -> 0.92 | K103: =H103-I103 -> 0.72 | M103: =L103*J103 -> 0 | O103: =N103*P103 -> 0 | P103: =P102 -> 0.95 | Q103: =N103-O103 -> 0 | S103: =R103*P103 -> 0
A104: =A103+1 -> 40262 | B104: 13 | C104: =B104*D104 -> 12.35 | D104: =D103 -> 0.95 | E104: =B104-C104 -> 0.65 | G104: =F104*D104 -> 0 | H104: 5 | I104: =H104*J104 -> 4.6 | J104: =J103 -> 0.92 | K104: =H104-I104 -> 0.4 | M104: =L104*J104 -> 0 | O104: =N104*P104 -> 0 | P104: =P103 -> 0.95 | Q104: =N104-O104 -> 0 | S104: =R104*P104 -> 0
A105: =A104+1 -> 40263 | B105: 9 | C105: =B105*D105 -> 8.55 | D105: =D104 -> 0.95 | E105: =B105-C105 -> 0.45 | G105: =F105*D105 -> 0 | H105: 15 | I105: =H105*J105 -> 13.8 | J105: =J104 -> 0.92 | K105: =H105-I105 -> 1.2 | M105: =L105*J105 -> 0 | O105: =N105*P105 -> 0 | P105: =P104 -> 0.95 | Q105: =N105-O105 -> 0 | S105: =R105*P105 -> 0
...

Sheet Stock
A3: Code | B3: Désignations | C3: Acheté | D3: Vendu | E3: Reste | F3: Rendu | G3: Prix Vente
A4: 2013010247 | B4: Abonnement Dreambox | C4: 1 | D4: 1 | E4: 0 | F4: =COUNTIF(Recette!$D$2:$D$2632,A4) -> 0 | G4: 70
A5: 2013010001 | B5: Adaptateur baffle | C5: 0 | D5: 0 | E5: 0 | F5: =COUNTIF(Recette!$D$2:$D$2632,A5) -> 0
A6: 2013010002 | B6: Adaptateur de chargeur | C6: 1 | D6: 0 | E6: 1 | F6: =COUNTIF(Recette!$D$2:$D$2632,A6) -> 0
A7: 2013010003 | B7: Adaptateur iphone | C7: 0 | D7: 0 | E7: 0 | F7: =COUNTIF(Recette!$D$2:$D$2632,A7) -> 0
A8: 2013010004 | B8: Adaptateur voiture | C8: 0 | D8: 0 | E8: 0 | F8: =COUNTIF(Recette!$D$2:$D$2632,A8) -> 0
A9: 2013010005 | B9: Amoi A32 | C9: 17 | D9: 0 | E9: 17 | F9: =COUNTIF(Recette!$D$2:$D$2632,A9) -> 0 | G9: 40
A10: 2013010006 | B10: Amoi A33 | C10: 10 | D10: 0 | E10: 10 | F10: =COUNTIF(Recette!$D$2:$D$2632,A10) -> 0 | G10: 47
A11: 2013010007 | B11: Amoi A8 | C11: 2 | D11: 0 | E11: 2 | F11: =COUNTIF(Recette!$D$2:$D$2632,A11) -> 0 | G11: 99
A12: 2013010008 | B12: Attache Portable | C12: 0 | D12: 0 | E12: 0 | F12: =COUNTIF(Recette!$D$2:$D$2632,A12) -> 0
A13: 2013010009 | B13: Batterie | C13: 46 | D13: 2 | E13: 44 | F13: =COUNTIF(Recette!$D$2:$D$2632,A13) -> 0 | G13: 8
A14: 2013010010 | B14: Boitier 2,5" IDE | C14: 1 | D14: 0 | E14: 1 | F14: =COUNTIF(Recette!$D$2:$D$2632,A14) -> 0 | G14: 15
A15: 2013010011 | B15: Boitier 2,5" SATA | C15: 0 | D15: 0 | E15: 0 | F15: =COUNTIF(Recette!$D$2:$D$2632,A15) -> 0
A16: 2013010012 | B16: Câble 2RCA / 2RCA | C16: 3 | D16: 0 | E16: 3 | F16: =COUNTIF(Recette!$D$2:$D$2632,A16) -> 0 | G16: 2.5
A17: 2013010013 | B17: Câble 3RCA / 3RCA 1,5 m | C17: 3 | D17: 0 | E17: 3 | F17: =COUNTIF(Recette!$D$2:$D$2632,A17) -> 0 | G17: 3.5
A18: 2013010241 | B18: Câble Alimentation 2 PIN 1 | C18: 1 | D18: 0 | E18: 1 | F18: =COUNTIF(Recette!$D$2:$D$2632,A18) -> 0 | G18: 2
A19: 2013010242 | B19: Câble Alimentation 2 PIN 2 | C19: 1 | D19: 0 | E19: 1 | F19: =COUNTIF(Recette!$D$2:$D$2632,A19) -> 0 | G19: 1
A20: 2013010014 | B20: Câble Alimentation 3 PIN | C20: 8 | D20: 0 | E20: 8 | F20: =COUNTIF(Recette!$D$2:$D$2632,A20) -> 0 | G20: 6
A21: 2013010015 | B21: Câble ALIMENTATION SATA | C21: 1 | D21: 0 | E21: 1 | F21: =COUNTIF(Recette!$D$2:$D$2632,A21) -> 0 | G21: 3
A22: 2013010246 | B22: Câble Chargeur Chinois | C22: 15 | D22: 0 | E22: 15 | F22: =COUNTIF(Recette!$D$2:$D$2632,A22) -> 0 | G22: 4
A23: 2013010016 | B23: Câble Chargeur GSM 4 con | C23: 3 | D23: 0 | E23: 3 | F23: =COUNTIF(Recette!$D$2:$D$2632,A23) -> 0 | G23: 7
A24: 2013010017 | B24: Câble Chargeur GSM 7 con | C24: 3 | D24: 0 | E24: 3 | F24: =COUNTIF(Recette!$D$2:$D$2632,A24) -> 0 | G24: 8
A25: 2013010234 | B25: Câble d'alimentation | C25: 4 | D25: 0 | E25: 4 | F25: =COUNTIF(Recette!$D$2:$D$2632,A25) -> 0 | G25: 6
A26: 2013010018 | B26: Câble HDMI / RCA | C26: 1 | D26: 0 | E26: 1 | F26: =COUNTIF(Recette!$D$2:$D$2632,A26) -> 0 | G26: 20
A27: 2013010019 | B27: Câble HDMI / VGA | C27: 1 | D27: 0 | E27: 1 | F27: =COUNTIF(Recette!$D$2:$D$2632,A27) -> 0 | G27: 22
... A55: 2013010042 | B55: Cache iphone | C55: 7 | D55: 0 | E55: 7 | F55: =COUNTIF(Recette!$D$2:$D$2632,A55) -> 0 | G55: 8
A56: 2013010043 | B56: Carte fax modem 56K interne | C56: 0 | D56: 0 | E56: 0 | F56: =COUNTIF(Recette!$D$2:$D$2632,A56) -> 0
A57: 2013010044 | B57: Carte mémoire 2GB Sony | C57: 1 | D57: 0 | E57: 1 | F57: =COUNTIF(Recette!$D$2:$D$2632,A57) -> 0 | G57: 15
A58: 2013010045 | B58: Carte mémoire M2 2GB | C58: 2 | D58: 0 | E58: 2 | F58: =COUNTIF(Recette!$D$2:$D$2632,A58) -> 0 | G58: 17
A59: 2013010046 | B59: Carte mémoire Micro 16GB | C59: 1 | D59: 0 | E59: 1 | F59: =COUNTIF(Recette!$D$2:$D$2632,A59) -> 0 | G59: 22
A60: 2013010047 | B60: Carte mémoire Micro 2GB | C60: 103 | D60: 0 | E60: 103 | F60: =COUNTIF(Recette!$D$2:$D$2632,A60) -> 0 | G60: 12
A61: 2013010048 | B61: Carte mémoire Micro 4GB | C61: 53 | D61: 2 | E61: 51 | F61: =COUNTIF(Recette!$D$2:$D$2632,A61) -> 0 | G61: 14
A62: 2013010049 | B62: Carte mémoire Micro 8GB | C62: 5 | D62: 0 | E62: 5 | F62: =COUNTIF(Recette!$D$2:$D$2632,A62) -> 0 | G62: 16
A63: 2013010050 | B63: Carte mémoire Micro SD 2 GB | C63: 6 | D63: 0 | E63: 6 | F63: =COUNTIF(Recette!$D$2:$D$2632,A63) -> 0 | G63: 12
A64: 2013010051 | B64: Carte mémoire Micro SD 4 GB | C64: 2 | D64: 0 | E64: 2 | F64: =COUNTIF(Recette!$D$2:$D$2632,A64) -> 0 | G64: 14
A65: 2013010052 | B65: Carte mémoire MMC 1GB | C65: 1 | D65: 0 | E65: 1 | F65: =COUNTIF(Recette!$D$2:$D$2632,A65) -> 0 | G65: 15
A66: 2013010053 | B66: Carte mémoire SE 512 | C66: 0 | D66: 0 | E66: 0 | F66: =COUNTIF(Recette!$D$2:$D$2632,A66) -> 0
A67: 2013010054 | B67: carte réseau | C67: 3 | D67: 0 | E67: 3 | F67: =COUNTIF(Recette!$D$2:$D$2632,A67) -> 0 | G67: 10
A68: 2013010055 | B68: Carte réseau sans fil 54 BPS | C68: 1 | D68: 0 | E68: 1 | F68: =COUNTIF(Recette!$D$2:$D$2632,A68) -> 0 | G68: 30
A69: 2013010056 | B69: Carte son USB | C69: 1 | D69: 0 | E69: 1 | F69: =COUNTIF(Recette!$D$2:$D$2632,A69) -> 0 | G69: 10
A70: 2013010057 | B70: Casque beats | C70: 6 | D70: 0 | E70: 6 | F70: =COUNTIF(Recette!$D$2:$D$2632,A70) -> 0 | G70: 25
A71: 2013010058 | B71: Casque beats lecteur MP3 | C71: 1 | D71: 0 | E71: 1 | F71: =COUNTIF(Recette!$D$2:$D$2632,A71) -> 0 | G71: 35
A72: 2013010222 | B72: Casque Beats mini | C72: 1 | D72: 0 | E72: 1 | F72: =COUNTIF(Recette!$D$2:$D$2632,A72) -> 0 | G72: 12
A73: 2013010059 | B73: Casque Lecteur MP3 | C73: 9 | D73: 0 | E73: 9 | F73: =COUNTIF(Recette!$D$2:$D$2632,A73) -> 0 | G73: 37
A74: 2013010221 | B74: Casque Liansheng LS-V66 | C74: 1 | D74: 0 | E74: 1 | F74: =COUNTIF(Recette!$D$2:$D$2632,A74) -> 0 | G74: 16
A75: 2013010060 | B75: Casque Micro Aneex EH-211 | C75: 3 | D75: 0 | E75: 3 | F75: =COUNTIF(Recette!$D$2:$D$2632,A75) -> 0 | G75: 18
A76: 2013010061 | B76: Casque Micro CD-610 | C76: 10 | D76: 0 | E76: 10 | F76: =COUNTIF(Recette!$D$2:$D$2632,A76) -> 0 | G76: 6
A77: 2013010225 | B77: Casque Micro E-CD610 | C77: 2 | D77: 0 | E77: 2 | F77: =COUNTIF(Recette!$D$2:$D$2632,A77) -> 0 | G77: 6
A78: 2013010063 | B78: Casque micro ET-090M | C78: 10 | D78: 0 | E78: 10 | F78: =COUNTIF(Recette!$D$2:$D$2632,A78) -> 0 | G78: 6
... A102: 2013010084 | B102: Chargeur Toshiba 19V/4,74A | C102: 2 | D102: 0 | E102: 2 | F102: =COUNTIF(Recette!$D$2:$D$2632,A102) -> 0 | G102: 49
A103: 2013010085 | B103: Chargeur Universel Laptop | C103: 0 | D103: 0 | E103: 0 | F103: =COUNTIF(Recette!$D$2:$D$2632,A103) -> 0
A104: 2013010086 | B104: Chargeur Voiture | C104: 10 | D104: 0 | E104: 10 | F104: =COUNTIF(Recette!$D$2:$D$2632,A104) -> 0 | G104: 5
A105: 2013010087 | B105: Clavier Aneex Bilingue USB | C105: 2 | D105: 0 | E105: 2 | F105: =COUNTIF(Recette!$D$2:$D$2632,A105) -> 0 | G105: 13
A106: 2013010237 | B106: Clavier Aneex KM-1715 | C106: 1 | D106: 0 | E106: 1 | F106: =COUNTIF(Recette!$D$2:$D$2632,A106) -> 0 | G106: 17
A107: 2013010088 | B107: Clavier Pliable USB | C107: 1 | D107: 1 | E107: 0 | F107: =COUNTIF(Recette!$D$2:$D$2632,A107) -> 0 | G107: 15
A108: 2013010236 | B108: Clavier RX-560 | C108: 1 | D108: 0 | E108: 1 | F108: =COUNTIF(Recette!$D$2:$D$2632,A108) -> 0 | G108: 14
A109: 2013010089 | B109: Clavier sourie sans fil RANBOW | C109: 2 | D109: 0 | E109: 2 | F109: =COUNTIF(Recette!$D$2:$D$2632,A109) -> 0 | G109: 25
A110: 2013010090 | B110: Clavier USB | C110: 12 | D110: 0 | E110: 12 | F110: =COUNTIF(Recette!$D$2:$D$2632,A110) -> 0 | G110: 12
A111: 2013010208 | B111: Clé USB 32G Blade | C111: 1 | D111: 0 | E111: 1 | F111: =COUNTIF(Recette!$D$2:$D$2632,A111) -> 0 | G111: 47
A112: 2013010093 | B112: Clé USB 4GB Blade | C112: 5 | D112: 0 | E112: 5 | F112: =COUNTIF(Recette!$D$2:$D$2632,A112) -> 0 | G112: 14
A113: 2013010091 | B113: Clé USB JetFlash 300 / 4 Go | C113: 5 | D113: 0 | E113: 5 | F113: =COUNTIF(Recette!$D$2:$D$2632,A113) -> 0 | G113: 14
A114: 2013010092 | B114: Clé USB Switch 4 Go | C114: 5 | D114: 0 | E114: 5 | F114: =COUNTIF(Recette!$D$2:$D$2632,A114) -> 0 | G114: 14
A115: 2013010094 | B115: Clé WIFI | C115: 5 | D115: 0 | E115: 5 | F115: =COUNTIF(Recette!$D$2:$D$2632,A115) -> 0 | G115: 22
A116: 2013010095 | B116: Coque | C116: 0 | D116: 0 | E116: 0 | F116: =COUNTIF(Recette!$D$2:$D$2632,A116) -> 0
A117: 2013010096 | B117: Cordon 2 RCA / 2 RCA 3 m | C117: 1 | D117: 0 | E117: 1 | F117: =COUNTIF(Recette!$D$2:$D$2632,A117) -> 0 | G117: 4
A118: 2013010097 | B118: Cordon 3 RCA / 3 RCA 3 m | C118: 1 | D118: 0 | E118: 1 | F118: =COUNTIF(Recette!$D$2:$D$2632,A118) -> 0 | G118: 4
A119: 2013010098 | B119: Cordon Alim. | C119: 8 | D119: 0 | E119: 8 | F119: =COUNTIF(Recette!$D$2:$D$2632,A119) -> 0 | G119: 5
A120: 2013010099 | B120: Cordon Peritel/Peritel | C120: 3 | D120: 0 | E120: 3 | F120: =COUNTIF(Recette!$D$2:$D$2632,A120) -> 0 | G120: 3.5
A121: 2013010100 | B121: Cordon Peritel/RCA | C121: 5 | D121: 0 | E121: 5 | F121: =COUNTIF(Recette!$D$2:$D$2632,A121) -> 0 | G121: 3.5
A122: 2013010101 | B122: Cordon RCA/RCA | C122: 1 | D122: 0 | E122: 1 | F122: =COUNTIF(Recette!$D$2:$D$2632,A122) -> 0 | G122: 3
A123: 2013010239 | B123: Cordon RCA/RCA 3 m | C123: 2 | D123: 0 | E123: 2 | F123: =COUNTIF(Recette!$D$2:$D$2632,A123) -> 0 | G123: 7
A124: 2013010103 | B124: DVD vierge | C124: 181 | D124: 5 | E124: 176 | F124: =COUNTIF(Recette!$D$2:$D$2632,A124) -> 0 | G124: 0.75
A125: 2013010104 | B125: Ecouteur MP3 | C125: 31 | D125: 0 | E125: 31 | F125: =COUNTIF(Recette!$D$2:$D$2632,A125) -> 0 | G125: 7
A126: 2013010245 | B126: Ecouteur MP3 Aneex E-P108 | C126: 3 | D126: 0 | E126: 3 | F126: =COUNTIF(Recette!$D$2:$D$2632,A126) -> 0 | G126: 8
A127: 2013010105 | B127: Ecouteur MP3 Beats | C127: 2 | D127: 0 | E127: 2 | F127: =COUNTIF(Recette!$D$2:$D$2632,A127) -> 0 | G127: 8
A128: 2013010227 | B128: Ecouteur MP3 Beats MD-91 | C128: 2 | D128: 0 | E128: 2 | F128: =COUNTIF(Recette!$D$2:$D$2632,A128) -> 0 | G128: 10
... A133: 2013010109 | B133: Flash Disk 16GB | C133: 2 | D133: 0 | E133: 2 | F133: =COUNTIF(Recette!$D$2:$D$2632,A133) -> 0 | G133: 27
A134: 2013010110 | B134: Flash Disk 2GB | C134: 4 | D134: 0 | E134: 4 | F134: =COUNTIF(Recette!$D$2:$D$2632,A134) -> 0
A135: 2013010111 | B135: Flash Disk 4GB UV100 | C135: 5 | D135: 0 | E135: 5 | F135: =COUNTIF(Recette!$D$2:$D$2632,A135) -> 0 | G135: 13
A136: 2013010210 | B136: Flash Disk 8 GB AUC500 G | C136: 1 | D136: 0 | E136: 1 | F136: =COUNTIF(Recette!$D$2:$D$2632,A136) -> 0 | G136: 25
A137: 2013010209 | B137: Flash Disk 8 GB AUC500 R | C137: 1 | D137: 0 | E137: 1 | F137: =COUNTIF(Recette!$D$2:$D$2632,A137) -> 0 | G137: 25
A138: 2013010112 | B138: Flash Disk 8GB UV100 | C138: 5 | D138: 0 | E138: 5 | F138: =COUNTIF(Recette!$D$2:$D$2632,A138) -> 0 | G138: 18
A139: 2013010113 | B139: Flash Disk Sandisk 8GB | C139: 3 | D139: 0 | E139: 3 | F139: =COUNTIF(Recette!$D$2:$D$2632,A139) -> 0 | G139: 18
A140: 2013010238 | B140: Graveur DVD externe | C140: 2 | D140: 0 | E140: 2 | F140: =COUNTIF(Recette!$D$2:$D$2632,A140) -> 0 | G140: 70
A141: 2013010207 | B141: Haut Parleur Aneex E-S450 | C141: 2 | D141: 0 | E141: 2 | F141: =COUNTIF(Recette!$D$2:$D$2632,A141) -> 0 | G141: 17
A142: 2013010211 | B142: Haut Parleur Aneex E-S550 | C142: 2 | D142: 0 | E142: 2 | F142: =COUNTIF(Recette!$D$2:$D$2632,A142) -> 0 | G142: 18
A143: 2013010114 | B143: Haut parleur E-0081 | C143: 1 | D143: 0 | E143: 1 | F143: =COUNTIF(Recette!$D$2:$D$2632,A143) -> 0
A144: 2013010115 | B144: Haut parleur ETON 806 | C144: 3 | D144: 0 | E144: 3 | F144: =COUNTIF(Recette!$D$2:$D$2632,A144) -> 0 | G144: 17
A145: 2013010116 | B145: Haut parleur IT-320 | C145: 0 | D145: 0 | E145: 0 | F145: =COUNTIF(Recette!$D$2:$D$2632,A145) -> 0
A146: 2013010212 | B146: Haut Parleur SSD-407 | C146: 3 | D146: 0 | E146: 3 | F146: =COUNTIF(Recette!$D$2:$D$2632,A146) -> 0 | G146: 15
A147: 2013010117 | B147: Haut parleur TS128 | C147: 1 | D147: 0 | E147: 1 | F147: =COUNTIF(Recette!$D$2:$D$2632,A147) -> 0
A148: 2013010118 | B148: HUB USB | C148: 5 | D148: 0 | E148: 5 | F148: =COUNTIF(Recette!$D$2:$D$2632,A148) -> 0 | G148: 7.5
A149: 2013010119 | B149: Ikone pocket | C149: 1 | D149: 0 | E149: 1 | F149: =COUNTIF(Recette!$D$2:$D$2632,A149) -> 0
A150: 2013010120 | B150: ipod | C150: 0 | D150: 0 | E150: 0 | F150: =COUNTIF(Recette!$D$2:$D$2632,A150) -> 0
A151: 2013010121 | B151: ipod 2GB FM | C151: 0 | D151: 0 | E151: 0 | F151: =COUNTIF(Recette!$D$2:$D$2632,A151) -> 0
A152: 2013010122 | B152: Kit | C152: 160 | D152: 0 | E152: 160 | F152: =COUNTIF(Recette!$D$2:$D$2632,A152) -> 0 | G152: 7
A153: 2013010123 | B153: Kit Bluetooth | C153: 4 | D153: 0 | E153: 4 | F153: =COUNTIF(Recette!$D$2:$D$2632,A153) -> 0 | G153: 18
A154: 2013010124 | B154: Kit de nettoyage | C154: 2 | D154: 0 | E154: 2 | F154: =COUNTIF(Recette!$D$2:$D$2632,A154) -> 0 | G154: 6.5
A155: 2013010251 | B155: Kit iphone | C155: 5 | D155: 0 | E155: 5 | F155: =COUNTIF(Recette!$D$2:$D$2632,A155) -> 0 | G155: 8
A156: 2013010125 | B156: Kit iphone original | C156: 1 | D156: 0 | E156: 1 | F156: =COUNTIF(Recette!$D$2:$D$2632,A156) -> 0
...
